 Dungeon Crawl Stone Soup version 0.30-a0-12-gd8047c6341 (webtiles) character file.

Game seed: 2836249925869905878

43 Newt the Trooper (level 3, -4/29 HPs)
             Began as a Demonspawn Gladiator on Aug 23, 2022.
             Killed by nerve-wracking pain
             ... invoked by Jessica
              (12 damage)
             ... on level 2 of the Dungeon.
             The game lasted 00:02:09 (1760 turns).

Newt the Trooper (Demonspawn Gladiator)             Turns: 1760, Time: 00:02:10

Health: -4/29      AC:  0    Str: 16    XL:     3   Next: 37%
Magic:  3/3        EV: 15    Int:  9    God:
Gold:   91         SH:  0    Dex: 14    Spells: 2/2 levels left

rFire   . . .      SeeInvis .    (weapon currently unavailable)
rCold   . . .      Faith    .    (shield currently unavailable)
rNeg    . . .      Spirit   .    (body armour currently unavailable)
rPois   .          Reflect  .    (helmet currently unavailable)
rElec   .          Harm     .    (cloak currently unavailable)
rCorr   .          Rampage  .    (gloves currently unavailable)
Will    .....                    (boots currently unavailable)
Stlth   ++........               (no amulet)
HPRegen 0.09/turn                (ring currently unavailable)
MPRegen 0.08/turn                (ring currently unavailable)

@: pig-form, attractive, hasted, very quick
A: fast, no casting, small, (thin metallic scales 1)
a: no special abilities


You were on level 2 of the Dungeon.
You were a filthy swine.
You visited 1 branch of the dungeon, and saw 2 of its levels.

You collected 91 gold pieces.

Inventory:

Hand Weapons
 a - a +0 rapier
 b - a +0 sling (melded)
Missiles
 d - 3 throwing nets (quivered)
 e - a javelin
 k - 3 datura-tipped darts
Armour
 c - a +0 helmet (melded)
 f - a +0 pair of boots (melded)
 j - a +0 leather armour (melded)
 o - a +0 cloak (melded)
Jewellery
 p - a ring of wizardry
Scrolls
 h - a scroll of teleportation
 n - a scroll of fear {unknown}
 r - a scroll of magic mapping {unknown}
 s - a scroll of vulnerability {unknown}
Potions
 g - a potion of haste
 i - a potion of curing
 l - a potion of brilliance {unknown}
 m - a potion of attraction
 q - a potion of mutation {unknown}
 t - a potion of resistance {unknown}


   Skills:
 + Level 3.1 Fighting
 - Level 2.6 Short Blades
 - Level 1.7 Throwing
 - Level 2.6 Dodging
 - Level 2.0 Stealth


You had 2 spell levels left.
You didn't know any spells.
Your spell library was empty.

Dungeon Overview and Level Annotations

Branches:
Dungeon (2/15)

Altars:

Annotations:
D:2 Jessica


Innate Abilities, Weirdness & Mutations

You are a filthy swine.
You move quickly.
Your equipment is almost entirely melded.
You are incapable of wielding weapons or throwing items.
You cannot cast spells.
((You are partially covered in thin metallic scales. (AC +2)))


Message History

Jessica gestures wildly while chanting.
Jessica seems to speed up.
You shoot a sling bullet. The sling bullet hits Jessica.
Jessica is heavily wounded.
Jessica gestures at you while chanting. Pain shoots through your body!
Jessica barely misses you.
Jessica zaps a wand.
You turn into a filthy swine.
Your +0 sling melds into your body.
Your +0 cloak melds into your body.
Your +0 helmet melds into your body.
Your +0 pair of boots melds into your body.
Your +0 leather armour melds into your body.
You hit Jessica.
Jessica is severely wounded.
Jessica hits you with a +0 club!
You barely miss Jessica.
Jessica is severely wounded.
Jessica barely misses you.
You barely miss Jessica.
Jessica is severely wounded.
Jessica barely misses you. Jessica hits you with a +0 club.
You are too injured to fight recklessly!
Unknown command.
Jessica attacks as you move away! Jessica misses you.
Jessica attacks as you move away! Jessica barely misses you.
Jessica points at you and mumbles some strange words.
Pain shoots through your body! Jessica attacks as you move away!
Jessica hits you with a +0 club.
* * * LOW HITPOINT WARNING * * *
Unknown command.
It was a potion of haste.
You feel yourself speed up. Jessica closely misses you.
It was a potion of attraction.
You feel attractive to monsters. Jessica closely misses you.
It was a potion of curing.
You feel better. Jessica barely misses you.
Unknown command.
Jessica says, "I'm really upset."
Jessica is attracted toward you.
Jessica points at you and mumbles some strange words.
Pain shoots through your body!
You die...

#.#####.#
#.......# #.
###..######
###.
#........
....
#..###### ##
#§.# #.
#@.###### #.
#.).....# #.
#h#####.# ##
#.# #####
####.###
.....
#..~...#
#####
#..~~..##.
#..~~~P....
##..~~≈..##.#
#...~.~.###.#
#...~.P.# #.#


You could see Jessica (fast).

Vanquished Creatures
  An adder (D:2)
  A bat skeleton (D:2)
  A bat zombie (D:2)
  3 endoplasms (D:1)
  A goblin (D:1)
  4 hobgoblins (D:1)
  5 kobolds
  4 quokkas
  A ball python (D:1)
  A ball python skeleton (D:2)
  4 bats
  A frilled lizard (D:2)
  A giant cockroach zombie (D:2)
  A quokka skeleton (D:2)
  2 rats
31 creatures vanquished.

Vanquished Creatures (others)
  A withered plant (D:2)
1 creature vanquished.

Grand Total: 32 creatures vanquished

Notes
Turn   | Place    | Note
-------+----------+-------------------------------------------
     0 | D:1      | Newt the Demonspawn Gladiator began the quest for the Orb.
     0 | D:1      | Reached XP level 1. HP: 16/16 MP: 1/1
   105 | D:1      | Reached skill level 1 in Stealth
   269 | D:1      | Gained mutation: You are partially covered in thin metallic
                  | scales. (AC +2) [demonic ancestry]
   269 | D:1      | Reached XP level 2. HP: 20/22 MP: 2/2
  1410 | D:2      | Reached XP level 3. HP: 28/28 MP: 3/3
  1699 | D:2      | Reached skill level 3 in Fighting
  1737 | D:2      | Noticed Jessica
  1760 | D:2      | Killed from afar by Jessica

Illustrated notes

Levels and vault maps discovered:
D:1:      dpeg_arrival_lava_altar, layout_loops_corners, st_stairs_4,
          minivault_26
D:2:      layout_loops_ring, serial_undead, serial_undead_b, serial_undead_f,
          serial_undead_b, serial_undead_c, serial_undead_f, minivault_14,
          kennysheep_generic_room_6, uniq_sigmund, uniq_natasha, uniq_jessica

Skill      XL: |  1  2  3 |
---------------+----------+-----
Stealth        | 1 2 |  2.0
Fighting       | 3 |  3.1
Short Blades   | |  2.6
Throwing       | |  1.7
Dodging        | |  2.6

Action                   || total
-------------------------++-------
Melee: Rapier            ||    49
       Unarmed           ||     3
 Fire: Sling             ||    84
  Use: Scroll            ||     4
       Potion            ||     3
Armor: Leather armour    ||    52
Dodge: Dodged            ||    90

Table legend: (Time is in decaauts)
 A = Elapsed time spent in this place.
 B = Non-inter-level travel time spent in this place.
 C = Inter-level travel time spent in this place.
 D = Time resting spent in this place.
 E = Time spent auto-exploring this place.
 F = Levels seen in this place.
 G = Mean time per level.
                   A        B        C        D        E       F      G
               +--------+--------+--------+--------+--------+-----+--------+
         Total |   1794 |   1750 |     44 |      0 |   1433 |   2 |  897.0 |
       Dungeon |   1794 |   1750 |     44 |      0 |   1433 |   2 |  897.0 |
               +--------+--------+--------+--------+--------+-----+--------+

Top non-repeatable levels by time:
     D:1: 1221 daAuts
     D:2: 573 daAuts
